 Dungeon Crawl Stone Soup version 0.27.1-3-gb3d3a73c9e (webtiles) character file.

Game seed: 11897351820781194587

1439 Trumpetguy the Spear-Bearer (level 8, -1/56 HPs)
             Began as a Merfolk Ice Elementalist on Oct 13, 2021.
             Slain by Eustachio (4 damage)
             ... on level 5 of the Dungeon.
             The game lasted 00:51:58 (8253 turns).

Trumpetguy the Spear-Bearer (MfIE)                  Turns: 8253, Time: 00:51:59

Health: -1/56      AC:  5    Str:  9    XL:     8   Next: 74%
Magic:  11/11      EV: 19    Int: 21    God:
Gold:   607        SH:  0    Dex: 15    Spells: 2/11 levels left

rFire    . . .     SeeInvis .   e - +4 quarterstaff (chaos)
rCold    . . .     Faith    .   (shield currently unavailable)
rNeg     . . .     Spirit   .   l - +0 leather armour
rPois    .         Reflect  .   (no helmet)
rElec    .         Harm     .   v - +0 cloak
rCorr    .         Rampage  .   b - +0 pair of gloves
Will     .....                  (no boots)
Stlth    +++.......             (no amulet)
HPRegen  0.18/turn              r - +4 ring of evasion
MPRegen  0.12/turn              I - +6 ring of intelligence

@: wereblooded
A: (nimble swimmer 2), mertail
a: no special abilities


You were on level 5 of the Dungeon.
You visited 1 branch of the dungeon, and saw 6 of its levels.
You also visited: Ossuary.

You collected 607 gold pieces.

Inventory:

Hand Weapons
 d - a +0 spear
 e - a +4 quarterstaff of chaos (weapon)
 f - a +0 whip of freezing
 i - a +1 dagger of venom
 n - a +0 trident
 o - a +2 vorpal hunting sling
 w - a +0 quarterstaff
Missiles
 H - 2 throwing nets
Armour
 a - a +0 robe
 b - a +0 pair of gloves (worn)
 l - a +0 leather armour (worn)
 v - a +0 cloak (worn)
Jewellery
 r - a +4 ring of evasion (left hand)
 I - a +6 ring of intelligence (right hand)
Wands
 p - a wand of iceblast (6)
 u - a wand of digging (8)
Scrolls
 c - a scroll of brand weapon {unknown}
 h - 3 scrolls of teleportation
 j - 3 scrolls of immolation
 k - a scroll of magic mapping {unknown}
 t - 2 scrolls of holy word {unknown}
 x - a scroll of identify
 y - 3 scrolls of noise
 C - 2 scrolls of enchant armour {unknown}
 E - a scroll of fog {unknown}
 F - a scroll of summoning {unknown}
 G - a scroll of amnesia {unknown}
Potions
 g - 4 potions of flight
 m - 2 potions of brilliance {unknown}
 q - 2 potions of lignification {unknown}
 s - a potion of magic {unknown}
 z - a potion of berserk rage {unknown}
 A - a potion of mutation {unknown}
 B - a potion of invisibility {unknown}
 D - a potion of degeneration {unknown}


   Skills:
 - Level 2.2 Fighting
 + Level 8.6(8.8) Polearms
 - Level 1.4(3.4) Staves
 + Level 7.6 Dodging
 - Level 5.5 Stealth
 - Level 2.0 Spellcasting
 + Level 4.5 Transmutations
 - Level 4.3 Ice Magic


You had 2 spell levels left.
You knew the following spells:

 Your Spells              Type           Power      Damage    Failure   Level
a - Freeze                Ice            80%        1d9       3%          1
b - Wereblood             Tmut           21%        N/A       4%          2
c - Frozen Ramparts       Ice            40%        1d6       11%         3
d - Ozocubu's Armour      Ice            20%        N/A       11%         3

Your spell library contained the following spells:

 Spells                   Type           Power      Damage    Failure   Level
 Beastly Appendage        Tmut           42%        N/A       3%          1
 Animate Skeleton         Necr           4%         N/A       21%         1
 Apportation              Tloc           4%         N/A       21%         1
 Corona                   Hex            2%         N/A       21%         1
 Summon Small Mammal      Summ           8%         N/A       21%         1
 Spider Form              Tmut/Pois      5%         N/A       24%         3
 Hailstorm                Conj/Ice       11%        3d5       63%         4


Dungeon Overview and Level Annotations

Branches:
Dungeon (6/15)            Ossuary (visited)
 Temple: D:4-7

Altars:
Ashenzari
Elyvilon
Hepliaklqana
Xom
Yredelemnul

Annotations:
D:5 Eustachio


Innate Abilities, Weirdness & Mutations

((You are quick and stealthy near water. (Stealth+, EV+, Speed+++)))
Your lower body shifts to a powerful aquatic tail in water.


Message History

The bat hits you. Eustachio hits you with a +0 rapier.
The river rat completely misses you. The river rat barely misses you.
The crimson imp blinks!
Eustachio hits you with a +0 rapier.
You thump Eustachio!
Eustachio's magic leaks into the air.
Eustachio is heavily wounded.
The bat closely misses you. The river rat closely misses you. x2
The crimson imp blinks!
Eustachio hits you with a +0 rapier.
You hit Eustachio.
Eustachio is severely wounded.
Eustachio completely misses you. The bat hits you but does no damage.
The river rat completely misses you.
The river rat bites you but does no damage.
Eustachio closely misses you. The river rat bites you.
The river rat completely misses you. The bat hits you but does no damage.
The white imp gestures at you. The puff of frost hits you! The bat misses you.
Eustachio falters for a moment.
There is a stone staircase leading up here.
The bat misses you. Eustachio barely misses you.
The river rat closely misses you. The crimson imp completely misses you.
You climb upwards.
The river rat disappears in a puff of smoke!
The bat disappears in a puff of smoke!
The river rat disappears in a puff of smoke!
The white imp disappears in a puff of smoke!
The crimson imp disappears in a puff of smoke! x2
There is a stone staircase leading down here.
You closely miss Eustachio.
Eustachio is severely wounded.
Eustachio hits you with a +0 rapier!
* * * LOW HITPOINT WARNING * * *
Eustachio hits you with a +0 rapier!
* * * LOW HITPOINT WARNING * * *
Aiming: Iceblast
Press: ? - help, Shift-Dir - straight line
Okay, then.
You closely miss Eustachio.
Eustachio is severely wounded.
Eustachio misses you. Eustachio hits you with a +0 rapier.
You die...

#.# #......#.##..._#J#
##.## #.#
#......##.##...### #.##
##.# #......##.##_..###
#..# ...#
#########.####...# ##.#
###############.######'#
#.#
#...............##.(#..#
#.#
#.################.....#
#.# #.#
#############.##### #.#
#.# #.........@@..# #.#
#.####[#############
##.# .......# #..#
######## #.## #.# #.#
#### #.# ...# #.# ##.#
#(#


You could see Eustachio (fast).

Vanquished Creatures
  Pikel (D:5)
  Sigmund (D:3)
  A hornet zombie (D:5)
  2 sky beasts (D:5)
  A lemure (D:5)
  A scorpion (D:6)
  A water moccasin skeleton (D:4)
  A jelly (D:5)
  A centaur skeleton (D:6)
  An iguana (D:4)
  Crazy Yiuf (D:2)
  An orc wizard (D:4)
  A hound zombie (D:5)
  2 hound skeletons (D:4)
  8 mummies (Ossuary)
  2 gnolls
  7 adders
  An ufetubus (D:4)
  4 dart slugs
  3 orcs (D:4)
  10 endoplasms
  6 giant cockroaches
  8 goblins
  9 hobgoblins
  4 jackals (D:5)
  9 kobolds
  5 quokkas
  11 ball pythons
  5 bats
  3 frilled lizards
  2 hobgoblin zombies (Ossuary)
  4 kobold zombies (Ossuary)
  2 orc zombies (Ossuary)
  2 rats (D:1)
121 creatures vanquished.

Notes
Turn   | Place    | Note
-------+----------+-------------------------------------------
     0 | D:1      | Trumpetguy the Merfolk Ice Elementalist began the quest for
                  | the Orb.
     0 | D:1      | Reached XP level 1. HP: 13/13 MP: 3/3
   307 | D:1      | Reached XP level 2. HP: 20/20 MP: 1/5
   477 | D:1      | Reached skill level 1 in Fighting
   786 | D:1      | Reached XP level 3. HP: 26/26 MP: 0/6
   992 | D:1      | You fall into a shaft and drop 1 floor!
  1080 | D:1      | Found a faded altar of an unknown god.
  1791 | D:2      | Reached XP level 4. HP: 24/33 MP: 3/7
  2316 | D:2      | Found a runed translucent door.
  2317 | D:2      | Noticed Crazy Yiuf
  3105 | D:3      | Noticed Sigmund
  3291 | D:3      | Reached skill level 1 in Polearms
  3291 | D:3      | Reached XP level 5. HP: 38/38 MP: 6/8
  3314 | D:3      | Found a basalt altar of Yredelemnul.
  3797 | D:4      | Found a white marble altar of Elyvilon.
  3841 | D:4      | Became a worshipper of Elyvilon the Healer
  3933 | D:4      | Reached skill level 2 in Polearms
  4033 | D:4      | Reached skill level 3 in Polearms
  4425 | D:4      | Reached XP level 6. HP: 43/44 MP: 9/9
  4798 | D:4      | Reached skill level 4 in Polearms
  4994 | D:4      | Reached * piety under Elyvilon
  5407 | D:2      | Killed Crazy Yiuf
  5410 | D:2      | Fell from the grace of Elyvilon
  5694 | D:3      | Killed Sigmund
  5695 | D:3      | Reached skill level 5 in Polearms
  5695 | D:3      | Reached skill level 5 in Dodging
  5695 | D:3      | Reached skill level 5 in Stealth
  5695 | D:3      | Reached XP level 7. HP: 50/50 MP: 10/10
  6163 | D:5      | Entered Level 5 of the Dungeon
  6234 | D:5      | Reached skill level 6 in Polearms
  6354 | D:5      | Found a sand-covered staircase.
  6544 | Ossuary  | Entered an ossuary
  6615 | Ossuary  | Reached skill level 1 in Staves
  7294 | D:5      | Found a broken altar of Ashenzari.
  7317 | D:5      | Learned a level 2 spell: Wereblood
  7321 | D:5      | Learned a level 3 spell: Frozen Ramparts
  7325 | D:5      | Learned a level 3 spell: Ozocubu's Armour
  7378 | D:5      | Reached skill level 7 in Polearms
  7378 | D:5      | Reached skill level 1 in Transmutations
  7378 | D:5      | Reached XP level 8. HP: 45/56 MP: 11/11
  7554 | D:5      | Found a shimmering altar of Xom.
  7555 | D:5      | Found a hazy altar of Hepliaklqana.
  7556 | D:5      | Noticed a spectral ugly thing
  7732 | D:6      | Noticed Pikel
  8154 | D:5      | Killed Pikel
  8155 | D:5      | Reached skill level 8 in Polearms
  8229 | D:6      | Noticed Eustachio
  8253 | D:5      | Slain by Eustachio

Illustrated notes

Levels and vault maps discovered:
D:1:      psy_arrival_whirlpool, layout_basic,
          hellmonk_ecumenical_altar_heavens_door
D:2:      minmay_chambers_of_twos, layout_rooms, minmay_three_crescents,
          uniq_crazy_yiuf_cottage
D:3:      layout_basic, lemuel_tele_altar, uniq_sigmund
D:4:      layout_basic, marbit_many_paths, minmay_misc_feat_encased
D:5:      layout_loops_ring, regret_index_temple_of_mockery,
          nicolae_overflow_crystal_walls, enter_ossuary_3
D:6:      layout_cave_pools, mainiacjoe_overflow_surrounded_room,
          solitary_fountain, uniq_grinder, uniq_eustachio, uniq_pikel

Skill      XL: |  1  2  3  4  5  6  7  8 |
---------------+-------------------------+-----
Dodging        | 3 4 5 6 7 |  7.6
Fighting       | 1 2 |  2.2
Stealth        | 3 4 5 |  5.5
Polearms       | 1 3 5 7 8 |  8.6
Staves         | 1 |  1.4
Transmutations | 1 4 |  4.5
Spellcasting   | |  2.0
Ice Magic      | |  4.3

Action                   |  1- 3 |  4- 6 |  7- 9 || total
-------------------------+-------+-------+-------++-------
Melee: Unarmed           |     9 |       |       ||     9
       Spear             |     8 |    40 |       ||    48
       Trident           |       |   107 |       ||   107
       Quarterstaff      |       |     3 |   132 ||   135
 Cast: Freeze            |    53 |    46 |     3 ||   102
       Wereblood         |       |       |     4 ||     4
       Ozocubu's Armour  |       |       |     3 ||     3
       Frozen Ramparts   |       |       |     3 ||     3
Invok: Renounce Religion |       |     1 |       ||     1
Evoke: Wand              |       |     1 |       ||     1
  Use: Scroll            |       |     3 |     3 ||     6
       Potion            |       |       |     2 ||     2
 Stab: Sleeping          |     1 |    14 |     4 ||    19
       Distracted        |       |     1 |       ||     1
       Paralysed         |       |       |     3 ||     3
Armor: Robe              |     8 |     8 |       ||    16
       Leather armour    |       |    31 |    37 ||    68
Dodge: Dodged            |    30 |   129 |   155 ||   314
